 Dungeon Crawl Stone Soup version 0.20.1-1-g8b1a95d66d (webtiles) character file.

1801 2ustice the Insei (level 8, 0/61 HPs)
             Began as a Demonspawn Transmuter on Jan 2, 2018.
             Killed from afar by an electric eel (10 damage)
             ... with a bolt of electricity
             ... on level 6 of the Dungeon.
             The game lasted 00:27:54 (7313 turns).

2ustice the Insei (Demonspawn Transmuter)           Turns: 7313, Time: 00:27:54

Health: 0/61       AC:  2    Str: 14    XL:     8   Next: 83%
Magic:  9/15       EV: 24    Int: 20    God:
Gold:   463        SH:  0    Dex: 20    Spells: 11/17 levels left

rFire    . . .     SeeInvis .     - Unarmed
rCold    . . .     Gourm    .   (shield currently unavailable)
rNeg     . . .     Faith    .   (armour currently unavailable)
rPois    x         Spirit   .   (helmet currently unavailable)
rElec    .         Reflect  .   (cloak currently unavailable)
rCorr    .         Harm     .   (gloves currently unavailable)
MR       .....                  (boots currently unavailable)
Stlth    ++........             (no amulet)
Regen    0.2/turn               G - +4 ring of intelligence
MPRegen  0.2/turn               x - +4 ring of strength

@: lethally poisoned (0 -> -1), spider-form, very slightly contaminated
A: blink, powered by death 1, evolution 1
a: End Transformation, Blink


You were on level 6 of the Dungeon.
You were hungry.
You were a venomous arachnid creature.
You visited 1 branch of the dungeon, and saw 6 of its levels.
You also visited: Sewer.

You collected 463 gold pieces.

Inventory:

Hand Weapons
 s - a +1 short sword of speed
 y - a +2 whip of venom (melded)
Missiles
 a - 42 arrows
 u - 3 throwing nets (quivered)
 I - 9 tomahawks
Armour
 b - a +0 robe
 i - a +2 cloak (melded)
 w - a +0 leather armour (melded)
 B - a +0 pair of gloves (melded)
Jewellery
 j - a +2 ring of intelligence
 x - a +4 ring of strength (right front leg)
 A - an uncursed ring of ice
 G - a +4 ring of intelligence (left front leg)
Scrolls
 f - 2 scrolls of amnesia
 k - 2 scrolls of blinking
 l - 2 scrolls of fog
 m - 2 scrolls of enchant weapon {unknown}
 o - 5 scrolls of teleportation
 p - a scroll of remove curse
 t - a scroll of magic mapping {unknown}
 z - a scroll of immolation {unknown}
 C - a scroll of recharging {unknown}
 J - a scroll of noise {unknown}
 K - a scroll of random uselessness {unknown}
 L - a scroll of fear {unknown}
Potions
 e - 3 potions of berserk rage
 g - a potion of cancellation
 n - a potion of resistance
 q - 2 potions of ambrosia
 r - 5 potions of curing
 v - 3 potions of flight
 D - 2 potions of might {unknown}
 H - 2 potions of brilliance {unknown}
 M - a potion of invisibility {unknown}
 O - a potion of mutation {unknown}
Books
 c - a book of Changes

   Spells                             Type                      Level
   a - Beastly Appendage              Transmutation                1
   b - Sticks to Snakes               Transmutation                2
   c - Spider Form                    Transmutation/Poison         3
   d - Ice Form                       Ice/Transmutation            4
   e - Blade Hands                    Transmutation                5
Comestibles
 d - 6 bread rations
 E - 3 meat rations
 F - a royal jelly


   Skills:
 + Level 4.7 Fighting
 + Level 5.0 Dodging
 + Level 5.5 Unarmed Combat
 + Level 5.0 Spellcasting
 + Level 5.0 Transmutations


You had 11 spell levels left.
You knew the following spells:

 Your Spells              Type           Power        Failure   Level  Hunger
a - Beastly Appendage     Tmut           ####..       7%          1    None
b - Sticks to Snakes      Tmut           ####....     9%          2    None
c - Spider Form           Tmut/Pois      ###.......   28%         3    ##.....


Dungeon Overview and Level Annotations

Branches:
Dungeon (6/15)
 Temple: D:4-7

Altars:
Ashenzari
Hepliaklqana
Vehumet
Xom

Annotations:
D:4 Alannah's ghost, amateur DsFi
D:5 Edmund; Prince Ribbit


Innate Abilities, Weirdness & Mutations

((You have a pair of small antennae on your head.))
((You are mostly covered in thin metallic scales. (AC +3)))
You regenerate a little health from kills.
((You are partially covered in sharp spines.))
You can translocate small distances at will.
You evolve.


Message History

Your +0 leather armour melds into your body.
Your +2 whip of venom stops dripping with poison.
You feel sick.
The electric eel shoots out a bolt of lightning at you!
The bolt of electricity hits the plant. x2
The bolt of electricity hits the electric eel.
The electric eel completely resists.
The bolt of electricity misses you.
You hit the electric eel.
The electric eel is poisoned.
The electric eel is moderately wounded.
The electric eel shoots out a bolt of lightning at you!
The bolt of electricity misses you.
You feel sick.
The electric eel shoots out a bolt of lightning at you!
The bolt of electricity hits the plant.
The bolt of electricity hits the electric eel.
The electric eel completely resists.
The bolt of electricity hits you!
* * * LOW HITPOINT WARNING * * *
The electric eel shoots out a bolt of lightning at you!
The bolt of electricity hits you!
You die...

####### ####s....##
#.=..♣♣♣..##
#.##;♣♣≈♣..#
#.#≈≈≈≈≈♣≈.## #
#.♣♣≈P♣≈≈≈..## #
#.P;≈≈P≈≈≈≈..# ##
#≈≈≈≈P≈♣♣≈≈♣.#######.
;♣PPPP;≈≈≈♣♣.........
♣≈;≈≈≈PP≈≈≈≈≈#####.#.


You could see 3 electric eels.

Vanquished Creatures
  A hornet zombie (D:6)
  An ice beast (D:6)
  2 sky beasts (D:5)
  The ghost of Willow the Skirmisher, an amateur HOFi (D:3)
  A phantom (D:6)
  4 ogres
  A bullfrog (D:6)
  2 scorpions
  A howler monkey (D:5)
  2 crimson imps (D:5)
  A jelly (D:6)
  An orc priest (D:4)
  2 hounds
  2 orc wizards (D:3)
  4 worker ants
  A worker ant zombie (D:6)
  3 gnolls (D:3)
  7 adders
  2 river rats (D:5)
  4 oozes
  6 worms
  2 dart slugs
  7 leopard geckos
  10 orcs
  12 bats
  8 giant cockroaches
  11 goblins
  10 hobgoblins
  11 jackals
  9 kobolds
  4 quokkas
  3 ball pythons (D:5)
  13 frilled lizards
  A jackal skeleton (D:4)
  A jackal zombie (D:5)
  A quokka skeleton (D:4)
  8 rats
  A plant (D:6)
161 creatures vanquished.

Vanquished Creatures (collateral kills)
  Sigmund (D:2)
  A gnoll (D:3)
2 creatures vanquished.

Grand Total: 163 creatures vanquished

Notes
Turn   | Place    | Note
-------+----------+-------------------------------------------
     0 | D:1      | 2ustice the Demonspawn Transmuter began the quest for the Orb.
     0 | D:1      | Reached XP level 1. HP: 15/15 MP: 3/3
   438 | D:1      | Gained mutation: You are partially covered in sharp spines. [demonic ancestry]
   438 | D:1      | Reached XP level 2. HP: 17/21 MP: 3/5
   698 | D:1      | Learned a level 2 spell: Sticks to Snakes
  1358 | D:2      | Reached XP level 3. HP: 17/26 MP: 4/6
  1510 | D:2      | Noticed Sigmund
  1562 | D:2      | Killed Sigmund
  1562 | D:2      | Reached XP level 4. HP: 3/33 MP: 4/8
  2110 | D:2      | Learned a level 3 spell: Spider Form
  2193 | D:2      | Gained mutation: You have a pair of small antennae on your head. [demonic ancestry]
  2193 | D:2      | Reached XP level 5. HP: 38/38 MP: 9/9
  2905 | D:3      | Found a shattered altar of Ashenzari.
  2909 | D:3      | Found a radiant altar of Vehumet.
  2914 | D:3      | Found a shimmering altar of Xom.
  3146 | D:3      | Gained mutation: You are partially covered in thin metallic scales. (AC +2) [demonic ancestry]
  3146 | D:3      | Reached XP level 6. HP: 22/46 MP: 6/10
  3288 | D:3      | Noticed Willow's ghost (amateur HOFi)
  3570 | D:3      | Killed Willow's ghost
  4758 | D:4      | Gained mutation: You are mostly covered in thin metallic scales. (AC +3) [demonic ancestry]
  4758 | D:4      | Reached XP level 7. HP: 48/52 MP: 12/12
  4836 | D:4      | Noticed Alannah's ghost (amateur DsFi)
  4852 | D:5      | Entered Level 5 of the Dungeon
  4961 | D:5      | Gained mutation: You are frail. (-10% HP) [mutagenic meat]
  4963 | D:5      | Gained mutation: You evolve. [mutagenic meat]
  5095 | D:5      | Found a glowing drain.
  5127 | Sewer    | Entered a sewer
  5627 | D:5      | Found a hazy altar of Hepliaklqana.
  5673 | D:5      | Gained mutation: You regenerate a little health from kills. [demonic ancestry]
  5673 | D:5      | Reached XP level 8. HP: 54/54 MP: 14/14
  5821 | D:5      | Noticed Prince Ribbit
  5822 | D:5      | Noticed Edmund
  5981 | D:6      | Lost mutation: You are frail. (-10% HP) [evolution]
  6345 | D:6      | Reached skill level 5 in Unarmed Combat
  7019 | D:6      | Reached skill level 5 in Dodging
  7115 | D:6      | Gained mutation: You can translocate small distances at will. [evolution]
  7302 | D:6      | Reached skill level 5 in Spellcasting
  7302 | D:6      | Reached skill level 5 in Transmutations
  7313 | D:6      | Killed from afar by an electric eel

Skill      XL: |  1  2  3  4  5  6  7  8 |
---------------+-------------------------+-----
Transmutations | 2 3 4 5 |  5.0
Dodging        | 2 3 4 5 |  5.0
Fighting       | 2 3 4 |  4.7
Unarmed Combat | 3 4 5 |  5.5
Spellcasting   | 3 4 5 |  5.0

Action                   |  1- 3 |  4- 6 |  7- 9 || total
-------------------------+-------+-------+-------++-------
Melee: Unarmed           |    84 |    15 |     1 ||   100
       Punch             |     2 |     4 |     2 ||     8
       Kick              |     5 |    23 |    24 ||    52
       Headbutt          |     2 |       |       ||     2
       Short sword       |       |    46 |    22 ||    68
       Whip              |       |    90 |   155 ||   245
 Cast: Beastly Appendage |    18 |    17 |    19 ||    54
       Sticks to Snakes  |     2 |     4 |     2 ||     8
       Spider Form       |       |       |     2 ||     2
  Use: Scroll            |     3 |     3 |     8 ||    14
       Potion            |       |       |     1 ||     1
 Stab: Sleeping          |     1 |       |       ||     1
  Eat: Chunk             |     1 |     7 |     9 ||    17
       Meat ration       |       |     1 |       ||     1
       Royal jelly       |       |       |     2 ||     2
Armor: Robe              |    10 |       |       ||    10
       Leather armour    |       |    22 |    43 ||    65
Dodge: Dodged            |    44 |    88 |    89 ||   221
